 Dungeon Crawl Stone Soup version 0.30-a0-1082-g70414cbcbb (webtiles) character file.

Game seed: 3287195295942388597

554 gelatine the Chopper (level 7, -4/53 HPs)
             Began as a Demonspawn Fighter on Apr 15, 2023.
             Killed from afar by a white imp (9 damage)
             ... with a puff of frost
             ... summoned by Eustachio
             ... on level 5 of the Dungeon.
             The game lasted 00:08:13 (3576 turns).

gelatine the Chopper (Demonspawn Fighter)           Turns: 3576, Time: 00:08:14

Health: -4/53      AC:  9    Str: 19    XL:     7   Next: 8%
Magic:  0/9        EV: 11    Int:  9    God:
Gold:   190        SH:  4    Dex: 12    Spells: 9/9 levels left

rFire   . . .      SeeInvis +    a - +0 war axe
rCold   . . .      Faith    .    c - +0 buckler
rNeg    . . .      Spirit   +    u - +2 robe {Will+}
rPois   .          Reflect  .    i - +1 helmet {SInv}
rElec   .          Rampage  .    j - +0 cloak
rCorr   .                        y - +1 pair of gloves
Will    +....                    (no boots)
Stlth   ++                       f - amulet of guardian spirit
HPRegen 0.28/turn                (no ring)
MPRegen 0.11/turn                (no ring)

@: no status effects
A: hooves 1, ignite blood 1, powered by pain 2
a: no special abilities


You were on level 5 of the Dungeon.
You visited 2 branches of the dungeon, and saw 6 of its levels.

You collected 190 gold pieces.

Inventory:

Hand Weapons
 a - a +0 war axe (weapon)
Missiles
 k - a throwing net
 l - 6 javelins
 m - a boomerang (quivered)
Armour
 b - a +0 scale mail
 c - a +0 buckler (worn)
 i - a +1 helmet of see invisible (worn)
 j - a +0 cloak (worn)
 s - a +0 plate armour
 u - a +2 robe of willpower (worn)
 y - a +1 pair of gloves (worn)
Jewellery
 f - an amulet of guardian spirit (around neck)
Wands
 d - a wand of polymorph (9)
Scrolls
 p - 2 scrolls of immolation
Potions
 g - a potion of degeneration
 h - a potion of heal wounds
 n - a potion of resistance
 o - a potion of berserk rage
 q - a potion of lignification
 t - 2 potions of curing {unknown}
 v - a potion of haste
 x - a potion of invisibility {unknown}
 z - a potion of might


   Skills:
 * Level 3.8 Fighting
 * Level 4.3 Axes
 + Level 1.2 Throwing
 * Level 3.3 Armour
 * Level 1.7 Dodging
 * Level 2.1 Stealth
 * Level 3.5 Shields
 * Level 1.7 Spellcasting


You had 9 spell levels left.
You didn't know any spells.
Your spell library contained the following spells:

 Spells                   Type           Power      Damage    Failure   Level
 Ensorcelled Hibernation  Hex/Ice        0%         N/A       56%         2
 Passwall                 Tmut/Erth      0%         N/A       56%         2
 Sublimation of Blood     Necr           0%         N/A       56%         2
 Wereblood                Tmut           0%         N/A       56%         2
 Ozocubu's Armour         Ice            0%         N/A       80%         3
 Swiftness                Air            0%         N/A       80%         3
 Metabolic Englaciation   Hex/Ice        0%         N/A       100%        5
 Simulacrum               Ice/Necr       0%         N/A       100%        6
 Summon Hydra             Summ           0%         N/A       100%        7


Dungeon Overview and Level Annotations

Branches:
Dungeon (5/15)             Temple (1/1) D:4

Altars:
Ashenzari
Fedhas
Gozag
Hepliaklqana
Kikubaaqudgha
Nemelex Xobeh
Okawaru
Qazlal
Ru
Trog
Uskayaw

Annotations:
D:5 Eustachio, Ijyb


Innate Abilities, Weirdness & Mutations

You have large cloven feet.
Your demonic aura sometimes causes spilled blood to erupt in flames.
You sometimes gain power by taking damage.


Message History

The white imp hits you but does no damage.
Eustachio hits you with a +0 rapier. Ijyb barely misses you.
The river rat bites you but does no damage.
You barely miss Eustachio. Your kick misses Eustachio.
Eustachio is severely wounded.
You barely miss Ijyb.
You hit the white imp. x2; You hit the river rat.
You kill the river rat!
The river rat's corpse disappears in a puff of smoke!
You completely miss the ufetubus. The ufetubus barely misses you.
You block the ufetubus's attack. The white imp hits you.
The white imp freezes you.
The white imp hits you but does no damage.
The ufetubus barely misses you. You block the ufetubus's attack.
Ijyb misses you.
Eustachio casts a spell.
Eustachio blinks!
You closely miss Ijyb.
You hit the white imp but do no damage. x2
You slash the ufetubus!
You kill the ufetubus!
The ufetubus disappears in a puff of smoke!
The white imp gestures at you. The puff of frost hits you!
The white imp hits you but does no damage.
Ijyb hits you but does no damage. The white imp gestures at you.
The puff of frost hits you!
The white imp hits you but does no damage.
You hit Eustachio.
Eustachio is almost dead.
You hit the white imp but do no damage. You hit Ijyb but do no damage.
You hit the white imp. Ijyb hits you with a +0 dagger.
Eustachio utters an oath, "I will die for my friends!"
Eustachio casts a spell.
Eustachio blinks!
The white imp gestures at you. The puff of frost hits you!
* * * LOW HITPOINT WARNING * * *
The white imp gestures at you. The puff of frost hits you!
You die...

#...........
#.............
#.............
#.............
#.............
#.............
#..ยงยง.........
#..5@g........
###..@.5....[...
.'.......#...####
.#######.#.### #####.#.#
#.......######
.....###.#.#....########
#########'#.#...........<
#.............).......###


You could see Eustachio, Ijyb and 2 white imps.

Vanquished Creatures
  Sigmund (D:2)
  An ogre (D:5)
  A hound (D:4)
  2 orc priests (D:3)
  2 iguanas
  Jessica (D:3)
  An orc wizard (D:3)
  5 adders
  3 worms
  2 dart slugs
  4 orcs
  5 endoplasms
  4 giant cockroaches
  5 goblins
  5 hobgoblins
  6 jackals
  5 quokkas (D:1)
  5 ball pythons (D:1)
  3 bats (D:1)
  2 frilled lizards
  6 kobolds
  4 rats
73 creatures vanquished.

Vanquished Creatures (others)
  2 plants
2 creatures vanquished.

Grand Total: 75 creatures vanquished

Notes
Turn   | Place    | Note
-------+----------+-------------------------------------------
     0 | D:1      | gelatine the Demonspawn Fighter began the quest for the
                  | Orb.
     0 | D:1      | Reached XP level 1. HP: 18/18 MP: 1/1
   434 | D:1      | Gained mutation: You sometimes gain a little power by
                  | taking damage. [demonic ancestry]
   434 | D:1      | Reached XP level 2. HP: 19/24 MP: 2/2
   508 | D:1      | Reached skill level 2 in Axes
   880 | D:2      | Reached XP level 3. HP: 22/29 MP: 3/3
  1081 | D:2      | Reached skill level 1 in Stealth
  1138 | D:2      | Found a faded altar of an unknown god.
  1178 | D:2      | Gained mutation: You sometimes gain power by taking damage.
                  | [demonic ancestry]
  1178 | D:2      | Reached XP level 4. HP: 35/35 MP: 3/5
  1320 | D:2      | Noticed Sigmund
  1326 | D:2      | Killed Sigmund
  1327 | D:2      | Reached skill level 3 in Axes
  1327 | D:2      | Reached skill level 1 in Dodging
  1327 | D:2      | Reached skill level 1 in Spellcasting
  1327 | D:2      | Discovered your monstrous ancestry.
  1327 | D:2      | Gained mutation: You have large cloven feet. [demonic
                  | ancestry]
  1327 | D:2      | Reached XP level 5. HP: 38/41 MP: 6/6
  1546 | D:3      | Noticed Jessica
  1558 | D:3      | Killed Jessica
  1559 | D:3      | Gained mutation: Your demonic aura sometimes causes spilled
                  | blood to erupt in flames. [demonic ancestry]
  1559 | D:3      | Reached XP level 6. HP: 45/47 MP: 6/8
  1648 | D:3      | Found a sacrificial altar of Ru.
  1704 | D:3      | Reached skill level 4 in Axes
  1876 | D:3      | Found an opulent altar of Gozag.
  2215 | D:4      | Found a staircase to the Ecumenical Temple.
  2221 | Temple   | Entered the Ecumenical Temple
  2288 | D:4      | Found a blossoming altar of Fedhas.
  2300 | D:4      | Reached skill level 1 in Throwing
  3443 | D:5      | Entered Level 5 of the Dungeon
  3545 | D:5      | Reached XP level 7. HP: 53/53 MP: 9/9
  3556 | D:5      | Noticed Eustachio
  3567 | D:5      | Noticed Ijyb
  3576 | D:5      | Killed from afar by a white imp

Illustrated notes

Levels and vault maps discovered:
D:1:      psy_arrival_whirlpool, layout_loops_ring, dreamdust_princess_corridor
D:2:      layout_rooms, hellmonk_ecumenical_altar_blasted, uniq_sigmund
D:3:      layout_rooms, lemuel_doored_altar, nicolae_ru_path_of_blood,
          uniq_jessica
D:4:      layout_layer_cave, fedhas_altar_2, temple_fountains, serial_bayou,
          serial_bayou_lake_a, serial_bayou_ford_a, serial_bayou_shore_b,
          serial_bayou_lagoon_b
D:5:      layout_basic, mainiacjoe_overflow_tiny_flanked, serial_shops, shop,
          gammafunk_ghost_grave, uniq_ijyb, uniq_eustachio
Temple:   hellmonk_temple_rainy

Skill      XL: |  1  2  3  4  5  6 |
---------------+-------------------+-----
Axes           | 2 3 4 |  4.3
Stealth        | 1 2 |  2.1
Shields        | 3 |  3.5
Armour         | 3 |  3.3
Dodging        | 1 |  1.7
Spellcasting   | 1 |  1.7
Throwing       | 1 |  1.2
Fighting       | |  3.8

Action                     |  1- 3 |  4- 6 |  7- 9 || total
---------------------------+-------+-------+-------++-------
  Melee: War axe           |    91 |    89 |    15 ||   195
         Kick              |       |    14 |     4 ||    18
  Throw: Boomerang         |    13 |    45 |     3 ||    61
         Throwing net      |     1 |       |       ||     1
    Use: Potion            |       |     2 |       ||     2
         Scroll            |       |    10 |       ||    10
   Stab: Sleeping          |     1 |     2 |       ||     3
 Armour: Scale mail        |     4 |       |       ||     4
         Robe              |    32 |    25 |    42 ||    99
  Dodge: Dodged            |    40 |    47 |    43 ||   130
  Block: Buckler           |    27 |    22 |    15 ||    64

Table legend: (Time is in decaauts)
 A = Elapsed time spent in this place.
 B = Non-inter-level travel time spent in this place.
 C = Inter-level travel time spent in this place.
 D = Time resting spent in this place.
 E = Time spent auto-exploring this place.
 F = Levels seen in this place.
 G = Mean time per level.
                   A        B        C        D        E       F      G
               +--------+--------+--------+--------+--------+-----+--------+
         Total |   3747 |   3597 |    150 |      0 |   2859 |   6 |  624.5 |
       Dungeon |   3719 |   3569 |    150 |      0 |   2849 |   5 |  743.8 |
        Temple |     27 |     27 |      0 |      0 |     10 |   1 |   27.0 |
               +--------+--------+--------+--------+--------+-----+--------+

Top non-repeatable levels by time:
     D:4: 1442 daAuts
     D:1: 807 daAuts
     D:3: 719 daAuts
     D:2: 611 daAuts
     D:5: 139 daAuts
  Temple: 27 daAuts
